 Dungeon Crawl Stone Soup version 0.27-a0-46-g34d46f0a3f (webtiles) character file.

Game seed: 8756003414274210885

14835 kae the Grappler (level 11, -2/93 HPs)
             Began as a Demonspawn Gladiator on Jan 6, 2021.
             Was a Priest of Wu Jian.
             Engulfed by a cloud of flame (7 damage)
             ... in a volcano.
             The game lasted 00:09:43 (15045 turns).

kae the Grappler (Demonspawn Gladiator)            Turns: 15045, Time: 00:09:43

Health: -2/93      AC: 20    Str: 17    XL:     11   Next: 93%
Magic:  11/11      EV: 12    Int: 10    God:    Wu Jian [***...]
Gold:   904        SH:  0    Dex: 15    Spells: 10/10 levels left

rFire    + . .     SeeInvis .     - Unarmed
rCold    x . .     Faith    .   (no shield)
rNeg     . . .     Spirit   .   j - +0 ring mail
rPois    .         Reflect  .   b - +0 helmet
rElec    .         Harm     .   G - +2 cloak
rCorr    .         Rampage  .   E - +1 pair of gloves
Will     .....                  (boots unavailable)
Stlth    ..........             L - amulet of regeneration
HPRegen  0.65/turn              C - ring of fire
MPRegen  0.12/turn              B - +4 ring of slaying

@: sanguine armour
A: hooves 3, demonic guardian 1, powered by death 1, sanguine armour 2
a: Renounce Religion, Wall Jump, Serpent's Lash


You were in a volcano.
You worshipped Wu Jian.
Wu Jian was most pleased with you.
You visited 2 branches of the dungeon, and saw 12 of its levels.
You also visited: Volcano.

You collected 904 gold pieces.

Inventory:

Missiles
 c - 5 throwing nets (quivered)
 D - 48 arrows
Armour
 b - a +0 helmet (worn)
 e - a +0 cloak
 j - a +0 ring mail (worn)
 E - a +1 pair of gloves (worn)
 G - a +2 cloak (worn)
Jewellery
 f - an uncursed ring of see invisible
 m - a +6 ring of intelligence
 B - a +4 ring of slaying (right hand)
 C - a ring of fire (left hand)
 L - an amulet of regeneration (around neck)
 O - an uncursed ring of resist corrosion
Wands
 g - a wand of enslavement (9)
 i - a wand of acid (10)
 l - a wand of polymorph (13)
 p - a wand of iceblast (20)
 q - a wand of digging (4)
 v - a wand of paralysis (20)
 A - a wand of random effects (17)
 H - a wand of flame (10)
 M - a wand of disintegration (14)
Scrolls
 a - 5 scrolls of remove curse
 k - 2 scrolls of teleportation
 u - a scroll of fog
 x - 5 scrolls of blinking
 y - 2 scrolls of identify
 J - 4 scrolls of enchant weapon
Potions
 d - 3 potions of ambrosia
 h - 6 potions of haste
 n - 2 potions of flight
 o - 4 potions of might
 r - 2 potions of curing
 s - a potion of heal wounds
 t - 2 potions of berserk rage
 z - a potion of brilliance
 F - 2 potions of attraction
 I - a potion of resistance
 K - a potion of mutation {unknown}
 P - a potion of invisibility {unknown}


   Skills:
 + Level 11.3 Fighting
 - Level 1.7 Throwing
 - Level 2.6 Dodging
 * Level 14.2 Unarmed Combat


You had 10 spell levels left.
You didn't know any spells.
Your spell library contained the following spells:

 Spells                   Type           Power        Failure   Level
 Magic Dart               Conj           0%           56%         1
 Searing Ray              Conj           0%           71%         2
 Dazzling Flash           Conj/Hex       0%           91%         3
 Fulminant Prism          Conj/Hex       0%           100%        4
 Iskenderun's Mystic Bla  Conj/Tloc      0%           100%        4


Dungeon Overview and Level Annotations

Branches:
Dungeon (11/15)            Temple (0/1) D:7            Lair (1/6) D:11
    Orc (0/2) D:11        Volcano (1/1)

Altars:
Fedhas
Kikubaaqudgha
Qazlal
Sif Muna
Trog
Wu Jian
Xom


Innate Abilities, Weirdness & Mutations

You have hooves in place of feet.
A weak demonic guardian rushes to your aid.
You regenerate a little health from kills.
When seriously injured, your bleeding wounds create thick armour. (AC +9)


Message History

You completely miss the salamander. You kick the salamander!
Your punch misses the salamander.
The salamander is almost dead.
In the distance, the volcano erupts with a roar.
You are engulfed in blazing flames.
You resist.
* * * LOW HITPOINT WARNING * * *
The salamander closely misses you.
You closely miss the salamander. You kick the salamander.
The salamander is almost dead.
You are engulfed in blazing flames.
You resist.
The salamander hits you with a +1 trident of flaming!
* * * LOW HITPOINT WARNING * * *
You are engulfed in flames.
You resist.
* * * LOW HITPOINT WARNING * * *
The salamander misses you.
You punch the salamander!
You kill the salamander!
The Council accepts your kill.
You are engulfed in blazing flames.
You resist.
You die...

≈≈≈≈≈≈≈≈≈≈≈≈≈≈≈≈≈≈≈≈≈≈≈≈≈≈≈
≈≈≈≈≈≈≈≈≈≈≈≈≈≈≈≈≈≈≈≈≈≈≈≈≈≈≈
≈≈≈≈≈≈≈≈≈≈≈≈≈≈≈≈≈≈≈≈≈≈≈≈≈≈≈
≈.≈≈≈≈≈≈≈≈≈≈≈.≈≈≈≈≈≈≈.≈.≈≈≈
≈≈≈≈.≈≈≈.≈≈≈≈≈≈≈≈≈≈.≈≈≈≈≈≈
.^^^..............†.....##
#+##...#####...##)##....#
##.##°○○##.##...##..#'
#.#N@○○°#.#.[...#..#.
#.#○○○°°#.#.^[..#..#.
##.##°○°##.##...##..##
####...##°##.§.#####...##
..§.......°°§§..........#
≈.≈≈.≈≈.≈≈°○°≈§≈≈.≈§.≈..≈≈
≈§≈.≈≈§.≈.≈°≈§≈§≈≈≈≈≈≈≈≈≈≈≈
≈≈≈≈≈§≈≈≈≈≈§°§≈§≈≈§§≈§≈§§§≈
≈≈≈≈≈≈≈≈≈≈≈≈≈≈≈≈≈≈§≈≈≈≈§§≈≈


You could see a salamander.

Vanquished Creatures
  Gastronok (D:9)
  4 two-headed ogres
  Erica (D:11)
  A hell hog (Volcano)
  Nergalle (D:10)
  An ugly thing (D:11)
  2 salamanders (Volcano)
  A centaur zombie (D:10)
  A gargoyle (D:10)
  A komodo dragon (Lair:1)
  A troll (D:10)
  Prince Ribbit (D:5)
  2 wraiths
  2 yaks (D:9)
  A fire bat (Volcano)
  2 acid dragons (D:11)
  2 hell hounds (Volcano)
  5 ice beasts
  6 orc warriors
  2 eyes of draining (D:10)
  A hornet zombie (D:10)
  3 sky beasts
  A black bear (D:8)
  3 phantoms
  5 centaurs
  3 ogres
  A big kobold (D:8)
  3 bullfrogs
  4 scorpions
  8 killer bees
  3 electric eels (D:10)
  8 wights
  A quasit (D:6)
  4 hounds
  3 bullfrog skeletons (D:9)
  4 orc priests
  Crazy Yiuf (D:5)
  6 orc wizards
  Natasha (twice) (D:2)
  2 iguanas
  10 worker ants
  A hound zombie (D:10)
  3 hound skeletons
  A worker ant zombie (D:4)
  6 gnolls
  16 adders
  6 river rats (D:6)
  A white imp (D:8)
  2 ufetubi
  4 oozes
  2 adder skeletons
  2 worms (D:6)
  5 dart slugs
  2 leopard geckos
  33 orcs
  6 giant cockroaches
  6 goblins
  13 hobgoblins
  20 jackals
  13 kobolds
  4 quokkas
  5 bats
  3 frilled lizards
  A jackal skeleton (D:4)
  2 leopard gecko skeletons
  25 rats
296 creatures vanquished.

Vanquished Creatures (collateral kills)
  Psyche (D:10)
  Grinder (D:6)
  A yak (D:9)
  Sigmund (D:2)
  Edmund (D:6)
  A bullfrog (D:11)
  A killer bee (D:11)
  A wight (D:8)
  A centaur skeleton (D:8)
  An iguana (D:8)
  Terence (D:2)
  Natasha (D:2)
  A gnoll (D:5)
  An adder (D:5)
  2 orcs
16 creatures vanquished.

Vanquished Creatures (others)
  An ice beast (D:5)
1 creature vanquished.

Grand Total: 313 creatures vanquished

Notes
Turn   | Place    | Note
-------+----------+-------------------------------------------
     0 | D:1      | kae the Demonspawn Gladiator began the quest for the Orb.
     0 | D:1      | Reached XP level 1. HP: 16/16 MP: 1/1
   148 | D:1      | Reached skill level 3 in Unarmed Combat
   148 | D:1      | Gained mutation: A weak demonic guardian rushes to your
                  | aid. [demonic ancestry]
   148 | D:1      | Reached XP level 2. HP: 23/23 MP: 2/2
   644 | D:1      | Gained mutation: When seriously injured, your bleeding
                  | wounds create armour. (AC +9) [demonic ancestry]
   644 | D:1      | Reached XP level 3. HP: 21/28 MP: 3/3
  1105 | D:2      | Noticed Natasha
  1130 | D:2      | Killed Natasha
  1306 | D:2      | Reached skill level 4 in Unarmed Combat
  1413 | D:2      | Reached XP level 4. HP: 34/34 MP: 4/4
  1447 | D:2      | Noticed Sigmund
  1483 | D:2      | Noticed Terence
  1737 | D:2      | Noticed Natasha
  1742 | D:2      | Killed Natasha
  1757 | D:2      | Killed Sigmund
  1758 | D:2      | Reached XP level 5. HP: 24/41 MP: 5/5
  1763 | D:2      | Noticed Natasha
  1766 | D:2      | Killed Terence
  1774 | D:2      | Killed Natasha
  1908 | D:2      | Reached skill level 5 in Unarmed Combat
  1997 | D:2      | Found a stormy altar of Qazlal.
  2855 | D:3      | Gained mutation: You have large cloven feet. [demonic
                  | ancestry]
  2855 | D:3      | Reached XP level 6. HP: 46/48 MP: 6/6
  4545 | D:4      | Reached skill level 6 in Unarmed Combat
  4722 | D:5      | Entered Level 5 of the Dungeon
  4732 | D:5      | Killed an ice beast
  4755 | D:5      | Found a blossoming altar of Fedhas.
  4778 | D:5      | Gained mutation: When seriously injured, your bleeding
                  | wounds create thick armour. (AC +9) [demonic ancestry]
  4778 | D:5      | Reached XP level 7. HP: 48/55 MP: 7/7
  5245 | D:5      | Noticed Prince Ribbit
  5270 | D:5      | Killed Prince Ribbit
  5271 | D:5      | Reached skill level 5 in Fighting
  5616 | D:5      | Found a runed translucent door.
  5617 | D:5      | Noticed Crazy Yiuf
  5764 | D:5      | Reached skill level 7 in Unarmed Combat
  6249 | D:5      | Killed Crazy Yiuf
  6697 | D:6      | Gained mutation: You have hoof-like feet. [demonic
                  | ancestry]
  6697 | D:6      | Reached XP level 8. HP: 55/64 MP: 8/8
  7057 | D:6      | Reached skill level 8 in Unarmed Combat
  7171 | D:6      | Noticed Edmund
  7188 | D:6      | Killed Edmund
  7323 | D:6      | Noticed Grinder
  7329 | D:6      | Paralysed by Grinder for 2 turns
  7342 | D:6      | Killed Grinder
  7776 | D:6      | Noticed a moth of wrath
  7784 | D:6      | Found a bloodstained altar of Trog.
  8441 | D:7      | Reached skill level 9 in Unarmed Combat
  8992 | D:7      | Found an ornate altar of the Wu Jian Council.
  9081 | D:7      | Became a worshipper of the Wu Jian Council
  9109 | D:7      | Found a staircase to the Ecumenical Temple.
  9402 | D:8      | Gained mutation: You have hooves in place of feet. [demonic
                  | ancestry]
  9402 | D:8      | Reached XP level 9. HP: 71/72 MP: 9/9
  9502 | D:8      | Reached * piety under Wu Jian
  9642 | D:8      | Reached skill level 10 in Unarmed Combat
  9847 | D:8      | Found an ancient bone altar of Kikubaaqudgha.
  9847 | D:8      | Found a shimmering blue altar of Sif Muna.
 10669 | D:9      | Noticed a two-headed ogre
 10672 | D:9      | Noticed a two-headed ogre
 10674 | D:9      | Killed a two-headed ogre
 10675 | D:9      | Reached skill level 11 in Unarmed Combat
 10675 | D:9      | Gained mutation: You regenerate a little health from kills.
                  | [demonic ancestry]
 10675 | D:9      | Reached XP level 10. HP: 67/82 MP: 10/10
 10679 | D:9      | Killed a two-headed ogre
 10853 | D:9      | Noticed Gastronok
 10867 | D:9      | Killed Gastronok
 10868 | D:9      | Reached skill level 12 in Unarmed Combat
 11300 | D:9      | Reached ** piety under Wu Jian
 11468 | D:10     | Entered Level 10 of the Dungeon
 11768 | D:10     | Noticed a gargoyle
 12092 | D:10     | Killed a gargoyle
 12093 | D:10     | Reached skill level 10 in Fighting
 12417 | D:10     | Noticed Psyche
 12423 | D:10     | Reached XP level 11. HP: 82/90 MP: 11/11
 12426 | D:10     | Killed Psyche
 12634 | D:10     | Noticed Nergalle
 12648 | D:10     | Killed Nergalle
 12654 | D:10     | Reached skill level 13 in Unarmed Combat
 12658 | D:10     | Found a shimmering altar of Xom.
 13030 | D:11     | Found a staircase to the Orcish Mines.
 13084 | D:11     | Found a staircase to the Lair.
 13119 | D:11     | Noticed a two-headed ogre
 13126 | D:11     | Noticed a cyan ugly thing
 13127 | D:11     | Killed a two-headed ogre
 13133 | D:11     | Killed a cyan ugly thing
 13147 | D:11     | Noticed a boulder beetle
 13505 | D:11     | Reached *** piety under Wu Jian
 13622 | D:11     | Noticed Erica
 13630 | D:11     | Killed Erica
 14603 | Lair:1   | Entered Level 1 of the Lair of Beasts
 14604 | Lair:1   | Identified a scroll of acquirement
 14604 | Lair:1   | Acquired an uncursed amulet of regeneration
 14697 | Lair:1   | Found a dark tunnel.
 14705 | Volcano  | Entered a volcano
 14833 | Volcano  | Noticed a hell hog
 14838 | Volcano  | Killed a hell hog
 14838 | Volcano  | Noticed a two-headed ogre
 14839 | Volcano  | Reached skill level 14 in Unarmed Combat
 14851 | Volcano  | Killed a two-headed ogre
 15045 | Volcano  | Engulfed by a cloud of flame

Illustrated notes

Levels and vault maps discovered:
D:1:      lemuel_arrival_muddy, layout_loops_ring, minmay_crystal_water,
          st_stairs_5
D:2:      layout_basic, lemuel_doored_altar, uniq_sigmund, uniq_terence,
          uniq_natasha
D:3:      cheibrodos_greedy_goblins, layout_loops_ring
D:4:      layout_gridville
D:5:      layout_basic, fedhas_ov_isle_minmay, lemuel_flamethrower_2,
          uniq_prince_ribbit1, uniq_crazy_yiuf_cottage
D:6:      minmay_general_purpose_star, layout_basic, tgw_trog,
          chequers_serial_rivers_marsh, grunt_ministairs_15,
          dk_rats_in_the_wall, uniq_grinder, uniq_edmund
D:7:      layout_basic, nzn_wu_jian_contemplation, temple_statues,
          minmay_misc_feat_x
D:8:      layout_loops_ring, amethyst_overflow_temple_binary
D:9:      layout_basic, lightli_fourway_metalbox, uniq_gastronok
D:10:     layout_basic, kennysheep_diamond, uniq_nergalle, uniq_psyche
D:11:     layout_stronghold, lair_entry_dummy, orc_0_dummy,
          minmay_quadrilaterals, uniq_erica
Lair:1:   wander_river, layout_long_grid, enter_volcano_2,
          chequers_serial_rivers_micro_b, kennysheep_abandoned_house,
          infiniplex_staircase_pool
Volcano:  volcano_village

Skill      XL: |  1  2  3  4  5  6  7  8  9 10 11 |
---------------+----------------------------------+-----
Unarmed Combat | 3 4 5 6 7 9 11 12 14 | 14.2
Fighting       | 3 4 5 7 8 10 11 | 11.3
Throwing       | |  1.7
Dodging        | |  2.6

Action                   |  1- 3 |  4- 6 |  7- 9 | 10-12 || total
-------------------------+-------+-------+-------+-------++-------
Melee: Unarmed           |    95 |   273 |   422 |   308 ||  1098
       Punch             |     3 |     6 |    15 |    25 ||    49
       Kick              |       |       |    36 |    96 ||   132
Throw: Throwing net      |       |     1 |       |       ||     1
Invok: Lunge             |       |       |    15 |    30 ||    45
       Whirlwind         |       |       |       |     7 ||     7
Evoke: Wand              |       |       |       |     1 ||     1
  Use: Scroll            |     5 |     7 |     8 |     7 ||    27
 Stab: Distracted        |       |       |     2 |     1 ||     3
Armor: Leather armour    |    13 |    30 |       |       ||    43
       Ring mail         |       |    80 |   136 |    94 ||   310
Dodge: Dodged            |    42 |   155 |   208 |   143 ||   548

Table legend: (Time is in decaauts)
 A = Elapsed time spent in this place.
 B = Non-inter-level travel time spent in this place.
 C = Inter-level travel time spent in this place.
 D = Time resting spent in this place.
 E = Time spent auto-exploring this place.
 F = Levels seen in this place.
 G = Mean time per level.
                   A        B        C        D        E       F      G
               +--------+--------+--------+--------+--------+-----+--------+
         Total |  14934 |  14432 |    502 |    839 |  11681 |  13 | 1148.8 |
       Dungeon |  14504 |  14046 |    458 |    759 |  11464 |  11 | 1318.5 |
          Lair |     98 |     55 |     43 |      0 |     32 |   1 |   98.0 |
       Volcano |    331 |    331 |      0 |     80 |    184 |   1 |  331.0 |
               +--------+--------+--------+--------+--------+-----+--------+

Top non-repeatable levels by time:
     D:5: 1821 daAuts
     D:6: 1727 daAuts
    D:11: 1557 daAuts
    D:10: 1541 daAuts
     D:4: 1324 daAuts
     D:1: 1276 daAuts
     D:9: 1269 daAuts
     D:2: 1231 daAuts
     D:8: 958 daAuts
     D:7: 930 daAuts
     D:3: 864 daAuts
 Volcano: 331 daAuts
  Lair:1: 98 daAuts
